Map: Blackburn LE

Players

MaxPax

  • Race: Protoss Protoss
  • League: Grandmaster

Reynor - Winner!

  • Race: Zerg Zerg
  • League: Master

Event: ASUS ROG Fall 2021

VOD

Have the link to the VOD?

Description

Time

  • Played on: Sept. 18, 2021, 8:32 a.m.
  • Length: 18:46

All games in this series

Show
View Real Time Build Order
Export as new Build Order

MaxPax Protoss 

Build Orders:  

Get SALT Encoding   

  12  0:00  Probe  
  13  0:12  Probe  
  14  0:20  Pylon  
  14  0:24  Probe  
  15  0:38  Probe (Chrono Boost)  
  15  0:42  Gateway  
  16  0:47  Probe (Chrono Boost)  
  17  0:50  Assimilator  
  17  0:52  Probe (Chrono Boost)  
  18  1:04  Probe  
  19  1:16  Probe  
  20  1:31  Probe  
  21  1:35  Cybernetics Core  
  21  1:37  Zealot  
  23  1:40  Pylon  
  23  1:56  Nexus  
  23  1:58  Probe  
  24  2:02  Assimilator  
  24  2:12  Adept (Chrono Boost)  
  26  2:16  Probe  
  27  2:28  Probe  
  28  2:35  Adept (Chrono Boost)  
  30  2:40  Probe  
  31  2:53  Probe  
  31  2:54  Stargate  
  30  3:03  Gateway  
  31  3:08  Pylon, Adept (Chrono Boost)  
  32  3:16  Probe  
  33  3:27  Shield Battery  
  35  3:35  Void Ray  
  35  3:37  Probe  
  39  3:52  Shield Battery  
  38  3:58  Shield Battery  
  38  4:01  Adept  
  41  4:04  Shield Battery  
  41  4:07  Pylon  
  40  4:11  Probe  
  40  4:15  Oracle (Chrono Boost)  
  41  4:23  Probe  
  45  4:24  Probe  
  45  4:35  Probe  
  45  4:36  Probe  
  45  4:37  Pylon  
  47  4:41  Shield Battery  
  45  4:45  Pylon  
  45  4:49  Pylon  
  43  4:53  Probe x2  
  43  4:59  Zealot  
  45  5:08  Oracle (Chrono Boost)  
  49  5:14  Probe  
  50  5:23  Pylon  
  50  5:30  Pylon  
  50  5:34  Pylon  
  49  5:36  Oracle (Chrono Boost)  
  51  5:43  Cybernetics Core  
  51  5:44  Probe  
  51  5:46  Probe  
  52  5:56  Probe  
  51  6:01  Probe  
  52  6:08  Probe  
  52  6:13  Probe  
  53  6:20  Probe  
  53  6:25  Probe  
  53  6:30  Void Ray  
  53  6:32  Gateway, Probe  
  55  6:38  Probe  
  60  6:44  Probe  
  60  6:48  Nexus  
  60  6:50  Probe  
  61  6:56  Probe  
  61  6:59  Assimilator, Warp Gate  
  61  7:00  Assimilator  
  62  7:02  Pylon, Probe  
  60  7:08  Probe  
  60  7:14  Probe  
  62  7:15  Pylon  
  62  7:20  Gateway, Probe  
  62  7:21  Twilight Council  
  63  7:26  Probe  
  64  7:33  Forge  
  64  7:40  Pylon  
  64  7:41  Probe  
  64  7:43  Nexus  
  65  7:45  Pylon  
  65  7:49  Gateway  
  65  7:50  Gateway  
  64  7:51  Robotics Facility  
  64  7:55  Void Ray (Chrono Boost)  
  69  8:06  Charge  
  69  8:08  Protoss Ground Weapons Level 1 (Chrono Boost)  
  68  8:19  Nexus  
  70  8:20  Probe x2  
  70  8:21  Pylon  
  70  8:29  Templar Archives  
  70  8:35  Gateway, Probe x2  
  72  8:43  Warp Prism (Chrono Boost)  
  72  8:47  Probe  
  75  8:50  Shield Battery  
  75  8:52  Zealot x2  
  75  8:54  Probe  
  80  8:59  Probe  
  81  9:06  Probe  
  81  9:08  Gateway  
  82  9:10  Gateway  
  82  9:11  Probe  
  82  9:14  High Templar  
  82  9:15  High Templar x3  
  91  9:19  Archon x2  
  91  9:21  Pylon, Observer (Chrono Boost)  
  91  9:23  Probe  
  93  9:27  Probe  
  94  9:33  Zealot x2  
  92  9:39  Assimilator  
  92  9:40  Assimilator  
  92  9:47  Pylon  
  92  9:53  Pylon  
  92  9:54  High Templar  
  92  9:55  High Templar, Zealot x3  
  92  9:58  Archon  
  92  9:59  Zealot  
  104  10:00  Gateway  
  104  10:11  Zealot x2  
  106  10:14  Immortal (Chrono Boost)  
  103  10:21  Probe x3  
  103  10:26  Pylon  
  105  10:33  Sentry, Zealot x2, Probe x3  
  114  10:37  Psionic Storm  
  114  10:45  Probe  
  111  10:51  Photon Cannon  
  111  10:52  Pylon  
  111  10:57  Shield Battery, High Templar x2  
  111  11:02  Immortal (Chrono Boost)  
  111  11:04  Photon Cannon  
  119  11:16  High Templar x2  
  120  11:24  Observer  
  120  11:25  Nexus  
  120  11:26  Protoss Ground Weapons Level 2 (Chrono Boost)  
  120  11:28  Pylon  
  120  11:35  Pylon  
  120  11:36  Immortal (Chrono Boost)  
  124  11:51  Gateway  
  122  12:01  Probe x2, Immortal (Chrono Boost)  
  122  12:04  Blink, Photon Cannon  
  122  12:05  Photon Cannon  
  122  12:07  High Templar x2  
  132  12:10  Zealot  
  132  12:11  Zealot x2  
  132  12:12  Zealot  
  132  12:13  Archon  
  132  12:14  Zealot  
  142  12:20  Probe  
  141  12:28  High Templar x2  
  145  12:32  Archon  
  145  12:35  Warp Prism (Chrono Boost)  
  147  12:37  Observer  
  147  12:40  Zealot x5  
  157  12:47  High Templar x2, Zealot  
  163  12:53  Archon  
  163  13:01  Zealot x5  
  173  13:12  Zealot x3  
  164  13:13  Observer (Chrono Boost)  
  153  13:23  High Templar x3  
  157  13:32  Observer (Chrono Boost)  
  150  13:35  Zealot x4  
  150  13:36  Oracle (Chrono Boost), Zealot x2  
  150  13:37  Zealot  
  167  13:56  Observer  
  166  14:03  Zealot x8  
  166  14:04  Zealot x2  
  178  14:26  Zealot x10  
  152  14:44  Warp Prism (Chrono Boost)  
  152  14:45  Pylon  
  146  14:50  High Templar x6  
  146  14:52  Zealot x4  
  156  14:55  Archon x2  
  156  14:56  Archon  
  152  15:04  Pylon  
  116  15:23  Zealot x6  
  116  15:27  Immortal (Chrono Boost)  
  122  15:31  Zealot x3  
  122  15:32  Zealot  
  127  15:44  Nexus  
  127  15:50  High Templar  
  127  15:51  High Templar  
  127  15:52  High Templar x2, Zealot x2  
  139  15:57  Zealot x4, Archon  
  139  16:02  Archon  
  147  16:09  Nexus  
  147  16:19  Zealot x2  
  147  16:21  Zealot x4  
  159  16:28  Zealot  
  159  16:29  Zealot  
  161  16:37  Zealot  
  161  16:38  Zealot  
  163  16:41  Zealot  
  158  16:49  Zealot x2  
  158  17:03  Immortal  
  156  17:12  Zealot x4  
  143  17:28  Zealot x4  
  119  17:39  Zealot  
  104  17:52  Immortal  
  104  17:57  Pylon  
  104  18:09  High Templar x4  
  104  18:10  High Templar x3  
  118  18:14  Archon x3  
  112  18:29  Zealot x3  
Show
View Real Time Build Order
Export as new Build Order

Reynor Zerg - Winner!

Build Orders: Hatch First, Lurkers 

Get SALT Encoding   

  12  0:02  Drone  
  13  0:12  Overlord  
  13  0:16  Drone  
  14  0:30  Drone x2  
  16  0:53  Hatchery  
  16  0:54  Drone  
  16  1:21  Drone  
  16  1:22  Extractor  
  16  1:23  Drone, Spawning Pool  
  16  1:24  Drone  
  17  1:32  Drone  
  18  1:43  Drone  
  19  1:55  Overlord  
  19  2:10  Zergling x4, Queen  
  19  2:11  Queen  
  19  2:15  Zergling x2  
  26  2:21  Zergling x2  
  27  2:32  Metabolic Boost  
  27  2:41  Zergling x4  
  28  2:54  Hatchery  
  28  2:56  Zergling x4  
  29  3:03  Zergling x4  
  30  3:10  Zergling x2  
  31  3:15  Zergling x4  
  33  3:22  Zergling x4  
  33  3:23  Zergling x2  
  35  3:30  Zergling x2  
  35  3:33  Overlord  
  35  3:35  Zergling x2  
  35  3:40  Overlord  
  35  3:50  Zergling x2  
  35  3:51  Zergling x6  
  35  3:54  Zergling x2  
  38  4:02  Zergling x6  
  39  4:06  Zergling x2  
  40  4:15  Queen  
  41  4:17  Zergling x2  
  41  4:18  Zergling x2  
  37  4:31  Zergling x2  
  37  4:33  Zergling x6  
  38  4:38  Zergling x2  
  37  4:48  Zergling x2  
  37  4:49  Zergling x8  
  40  4:53  Zergling x2  
  40  4:54  Zergling x2  
  38  5:00  Zergling x2  
  36  5:09  Drone  
  36  5:10  Zergling x2  
  37  5:20  Drone x5  
  42  5:22  Zergling x2  
  40  5:31  Zergling x2  
  40  5:32  Zergling x4  
  40  5:34  Drone  
  40  5:35  Drone x2  
  41  5:41  Zergling x2  
  40  5:44  Spore Crawler  
  40  5:46  Spore Crawler  
  40  5:47  Zergling x2  
  39  5:55  Drone  
  39  5:56  Drone x3  
  42  5:57  Drone x2  
  42  6:02  Overlord  
  43  6:04  Drone x2  
  42  6:12  Queen  
  44  6:23  Hatchery  
  44  6:25  Queen  
  43  6:28  Overlord  
  43  6:30  Drone  
  43  6:31  Drone  
  47  6:33  Drone  
  47  6:39  Drone x2  
  50  6:42  Zergling x4  
  50  6:44  Overlord  
  52  6:48  Zergling x8  
  52  6:49  Zergling x2  
  52  6:51  Zergling x2  
  55  7:01  Zergling x4  
  55  7:03  Queen  
  55  7:08  Zergling x8  
  61  7:10  Zergling x2  
  61  7:14  Zergling x2  
  62  7:20  Queen  
  62  7:22  Zergling x2  
  62  7:25  Zergling x2  
  59  7:35  Queen, Drone x2  
  59  7:36  Drone x4  
  67  7:39  Queen  
  67  7:40  Drone x2  
  70  7:46  Overlord  
  70  7:48  Drone x2  
  71  7:53  Extractor  
  71  7:57  Drone x2  
  66  7:59  Drone  
  66  8:04  Overlord  
  64  8:06  Drone x2  
  64  8:11  Drone x3  
  64  8:12  Lair  
  69  8:13  Extractor  
  69  8:18  Queen  
  72  8:20  Drone x3  
  74  8:29  Drone  
  74  8:33  Spore Crawler, Drone  
  74  8:34  Drone x4  
  79  8:35  Extractor  
  79  8:36  Extractor  
  76  8:44  Hatchery  
  76  8:46  Drone  
  76  8:47  Drone x7  
  81  8:52  Evolution Chamber  
  81  8:53  Overlord  
  80  8:55  Zergling x4  
  80  9:00  Drone x2  
  80  9:01  Baneling Nest  
  80  9:06  Extractor x2, Drone x2  
  80  9:17  Hydralisk Den  
  80  9:19  Drone x2  
  81  9:25  Overseer, Overlord  
  80  9:39  Overlord  
  80  9:45  Hydralisk x11  
  80  9:47  Zergling x6  
  105  9:53  Overlord  
  105  9:59  Baneling x7  
  105  10:00  Zergling x12  
  105  10:06  Hydralisk x2  
  115  10:09  Zergling x4  
  116  10:17  Hydralisk  
  116  10:18  Zergling x4  
  119  10:21  Overlord  
  119  10:23  Zerg Missile Weapons Level 1  
  119  10:24  Muscular Augments  
  119  10:30  Overlord  
  119  10:36  Overlord  
  119  10:41  Drone x8  
  127  10:45  Extractor  
  127  10:46  Extractor, Drone  
  127  10:47  Overlord  
  127  10:48  Infestation Pit  
  123  10:58  Centrifical Hooks  
  123  11:01  Drone  
  123  11:03  Drone x8  
  132  11:04  Evolution Chamber  
  131  11:12  Hydralisk  
  131  11:13  Zergling x4  
  131  11:16  Baneling x9  
  131  11:17  Zergling x4  
  137  11:34  Hive  
  137  11:35  Zerg Melee Weapons Level 1, Grooved Spines  
  137  11:36  Hatchery  
  136  11:41  Drone x3  
  136  11:44  Zergling x2  
  136  11:45  Zergling x8  
  144  11:50  Overlord  
  144  11:54  Lurker Den  
  143  12:05  Overlord  
  141  12:18  Hydralisk x4  
  141  12:19  Zerg Missile Weapons Level 2  
  143  12:26  Hydralisk  
  143  12:27  Overlord x2  
  143  12:28  Zergling x16  
  151  12:36  Spore Crawler  
  150  12:49  Overseer  
  150  12:51  Lurker x11  
  158  12:52  Seismic Spines  
  158  12:53  Zergling x40  
  158  12:57  Lurker  
  182  13:00  Overseer  
  182  13:01  Overlord  
  179  13:09  Hydralisk x2  
  179  13:10  Zergling x14  
  168  13:16  Drone x5  
  161  13:20  Lurker x2  
  161  13:23  Drone x4  
  167  13:28  Drone x3  
  167  13:29  Drone  
  173  13:34  Lurker x4  
  173  13:37  Hydralisk  
  173  13:38  Zergling x4  
  177  13:50  Zergling x22  
  177  13:55  Overlord  
  187  14:00  Adaptive Talons  
  187  14:02  Hydralisk x2  
  185  14:04  Overlord  
  185  14:09  Adrenal Glands  
  189  14:10  Zerg Melee Weapons Level 2  
  181  14:20  Hydralisk  
  181  14:21  Zergling x24  
  181  14:23  Zergling x2, Hydralisk x2  
  185  14:26  Zergling x4  
  185  14:30  Lurker x3  
  169  14:36  Hydralisk x3  
  169  14:37  Zergling x4  
  155  14:38  Zergling x2  
  155  14:43  Hydralisk x2  
  136  14:48  Lurker x3  
  132  14:54  Drone x7  
  132  14:57  Hydralisk x2  
  142  15:03  Lurker x2  
  144  15:13  Zergling x6, Hydralisk  
  144  15:14  Zergling x14  
  150  15:22  Hydralisk x4  
  150  15:25  Zergling x6  
  153  15:34  Drone  
  153  15:35  Drone x3  
  152  15:37  Lurker x3  
  152  15:39  Hydralisk x4  
  152  15:42  Zergling x2  
  159  15:44  Zergling x2  
  159  15:49  Overlord  
  160  15:50  Drone x2  
  160  15:51  Drone  
  160  15:52  Extractor  
  160  15:54  Extractor  
  160  15:56  Zergling x2  
  162  15:57  Lurker x2  
  162  15:59  Zergling x6  
  162  16:00  Zergling x2  
  166  16:04  Spore Crawler  
  161  16:12  Hydralisk x4  
  161  16:17  Drone x3  
  161  16:18  Queen  
  171  16:20  Zergling x10  
  171  16:24  Hydralisk  
  180  16:30  Hydralisk  
  180  16:31  Zergling x6  
  179  16:35  Hydralisk  
  179  16:39  Zergling x2  
  182  16:41  Queen  
  182  16:42  Lurker  
  182  16:43  Lurker x4  
  182  16:46  Zergling x4  
  182  16:47  Zergling x4  
  190  16:48  Zergling x2  
  190  16:54  Zergling x6  
  191  16:57  Hydralisk  
  191  17:00  Hydralisk  
  193  17:05  Hydralisk  
  193  17:06  Zergling x4  
  196  17:10  Hydralisk  
  196  17:15  Overlord  
  171  17:23  Hydralisk x8  
  171  17:27  Zergling x2  
  171  17:29  Lurker x4  
  182  17:32  Zergling x2  
  182  17:36  Zergling x6  
  183  17:39  Queen  
  183  17:43  Hydralisk x2  
  189  17:44  Zergling x2  
  189  17:46  Zergling x4  
  189  17:49  Hydralisk  
  190  17:52  Hatchery, Lurker x4  
  190  17:54  Zergling x2  
  190  17:57  Zergling x6  
  194  18:03  Zergling x6, Hydralisk x2  
  191  18:10  Zergling x2  
  191  18:11  Zergling x4  
  191  18:12  Overlord  
  194  18:15  Zergling x2  
  194  18:18  Zergling x4  
  196  18:22  Hydralisk  
  196  18:23  Zergling x2  
  196  18:25  Zergling x2  
  192  18:28  Zergling x2  
  192  18:29  Zergling x2  
Tags
 
Add a new tag
Caveats
  • Supply blocks, unpowered buildings, or Contaminate may cause inaccurate times.
  • Supply counts are checked every 10 seconds.